 Dungeon Crawl Stone Soup version 0.29-a0-330-g52719c12eb (webtiles) character file.

Game seed: 18022352578185015280

16734 Crownlay the Thaumaturge (level 12, -12/59 HPs)
             Began as a Gargoyle Earth Elementalist on Apr 18, 2022.
             Was a Believer of Vehumet.
             Mangled by a komodo dragon (27 damage)
             ... on level 3 of the Lair of Beasts.
             The game lasted 00:32:01 (15575 turns).

Crownlay the Thaumaturge (GrEE)                    Turns: 15575, Time: 00:32:02

Health: -12/59     AC: 13    Str: 11    XL:     12   Next: 40%
Magic:  18/39      EV: 11    Int: 27    God:    Vehumet [**....]
Gold:   924        SH:  0    Dex: 10    Spells: 29/39 levels left

rFire   . . .      SeeInvis .   s - +10 hunting sling of Flawed Execution {venom, +Blink MP+9 Int+5}
rCold   + . .      Faith    .   (no shield)
rNeg    + . .      Spirit   .   b - +0 robe
rPois   ∞          Reflect  .   u - +0 hat
rElec   +          Harm     .   f - +0 cloak
rCorr   .          Rampage  .   m - +0 pair of gloves
Will    .....                   g - +0 pair of boots
Stlth   ++........              (no amulet)
HPRegen 0.19/turn               j - ring of protection from cold
MPRegen 0.26/turn               (no ring)

@: portalling projectiles
A: sickness immunity, AC +8, negative energy resistance 1, electricity
resistance, torment resistance 1, petrification resistance
a: Renounce Religion, Evoke Blink


You were on level 3 of the Lair of Beasts.
You worshipped Vehumet.
Vehumet was pleased with you.
You visited 3 branches of the dungeon, and saw 13 of its levels.

You collected 924 gold pieces.

Inventory:

Hand Weapons
 s - the +10 hunting sling of Flawed Execution (weapon) {venom, +Blink MP+9 Int+5}
   (You found it on level 3 of the Dungeon)

   Any ammunition fired from it poisons the flesh of those it strikes.
   Int:       It affects your intelligence (+5).
   MP:        It affects your magic capacity (+9).
   +Blink:    It lets you blink.
 L - a +6 morningstar
Missiles
 a - 307 stones
 o - 2 throwing nets
Armour
 b - a +0 robe (worn)
 f - a +0 cloak (worn)
 g - a +0 pair of boots (worn)
 m - a +0 pair of gloves (worn)
 u - a +0 hat (worn)
Magical Staves
 q - a staff of death
Jewellery
 e - a ring of ice
 j - a ring of protection from cold (left hand)
 n - a +4 ring of slaying
 r - a +6 ring of intelligence
 t - a ring of protection from cold
 J - an amulet of magic regeneration
Wands
 K - a wand of mindburst (9)
Scrolls
 h - 3 scrolls of fog
 l - 2 scrolls of fear
 p - 2 scrolls of enchant weapon
 y - a scroll of identify
 C - a scroll of magic mapping
 D - 3 scrolls of teleportation
 I - 2 scrolls of enchant armour
Potions
 c - a potion of magic
 d - 4 potions of flight
 i - 4 potions of attraction {unknown}
 k - 2 potions of degeneration {unknown}
 v - 7 potions of heal wounds {unknown}
 w - a potion of ambrosia {unknown}
 x - 4 potions of curing {unknown}
 z - 3 potions of experience {unknown}
 A - a potion of might {unknown}
 B - 6 potions of mutation {unknown}
 E - a potion of cancellation {unknown}
 F - 2 potions of invisibility {unknown}
 G - 2 potions of haste {unknown}
 H - 2 potions of brilliance {unknown}


   Skills:
 - Level 5.0 Slings
 - Level 1.5 Dodging
 - Level 2.1 Stealth
 - Level 14.0 Spellcasting
 + Level 8.1 Conjurations
 - Level 4.3 Translocations
 - Level 0.7 Transmutations
 - Level 10.0 Earth Magic


You had 29 spell levels left.
You knew the following spells:

 Your Spells              Type           Power      Damage    Failure   Level
a - Sandblast             Erth           100%       2d20      1%          1
b - Stone Arrow           Conj/Erth      100%       3d13      1%          3
c - Portal Projectile     Hex/Tloc       60%        N/A       3%          3
d - Mephitic Cloud        Conj/Pois/Air  33%        N/A       2%          3

Your spell library contained the following spells:

 Spells                   Type           Power      Damage    Failure   Level
 Static Discharge         Conj/Air       41%        N/A       1%          2
 Passwall                 Tmut/Erth      39%        N/A       1%          2
 Animate Skeleton         Necr           36%        N/A       2%          1
 Pain                     Necr           72%        1d7       2%          1
 Summon Small Mammal      Summ           72%        N/A       2%          1
 Petrify                  Tmut/Erth      47%        N/A       3%          4
 Ensorcelled Hibernation  Hex/Ice        36%        N/A       4%          2
 Ignite Poison            Fire/Tmut/Pois 20%        N/A       8%          3
 Spider Form              Tmut/Pois      20%        N/A       8%          3
 Call Canine Familiar     Summ           18%        N/A       9%          3
 Summon Guardian Golem    Hex/Summ       18%        N/A       9%          3
 Vampiric Draining        Necr           18%        2d7       9%          3
 Freezing Cloud           Conj/Ice/Air   16%        6-21      26%         5
 Anguish                  Hex/Necr       9%         N/A       28%         4
 Summon Lightning Spire   Summ/Air       18%        N/A       28%         4
 Blade Hands              Tmut           11%        N/A       52%         5
 Excruciating Wounds      Necr           9%         N/A       61%         5
 Storm Form               Tmut/Air       10%        N/A       100%        7
 Maxwell's Capacitive Co  Air            9%         ∞         100%        8


Dungeon Overview and Level Annotations

Branches:
Dungeon (9/15)             Temple (1/1) D:7            Lair (3/6) D:8
  Swamp (0/4) Lair:2
  Snake: Lair:2-4    Spider: Lair:2-4       Orc: D:9-12

Altars:
Ashenzari
Dithmenos
Elyvilon
Gozag
Hepliaklqana
Kikubaaqudgha
Okawaru
Ru
Sif Muna
Trog
Vehumet
Xom
Yredelemnul
The Shining One

Annotations:
D:5 1 runed translucent door, jmlagarto's ghost, novice GnCA


Innate Abilities, Weirdness & Mutations

You are immune to sickness and miasma.
Your stone body is resilient. (AC +8)
You are immune to poison.
You resist negative energy. (rN+)
You are resistant to electric shocks. (rElec)
You are resistant to unholy torment.
You are immune to petrification.


Message History

Casting: Stone Arrow (safe; 1% risk of failure)
Confirm with . or Enter, or press ? or * to list all spells.
You begin teleporting projectiles to their destination.
The catoblepas gores you but does no damage.
Casting: Portal Projectile (dangerous; 3% risk of failure)
Confirm with . or Enter, or press ? or * to list all spells.
Aiming: Stone Arrow (safe; 1% risk of failure)
Press: ? - help, Shift-Dir - straight line, f/p - catoblepas
Aim: a catoblepas (almost dead, 100% to hit)
The stone arrow hits the catoblepas!
You kill the catoblepas!
Vehumet accepts your kill.
You feel your power returning. The komodo dragon bites you.
Your Conjurations skill increases to level 8!
Casting: Stone Arrow (safe; 1% risk of failure)
Confirm with . or Enter, or press ? or * to list all spells.
Aiming: Stone Arrow (safe; 1% risk of failure)
Press: ? - help, Shift-Dir - straight line, f - komodo dragon
Aim: a komodo dragon (84% to hit)
The stone arrow misses the komodo dragon.
The komodo dragon bites you.
* * * LOW HITPOINT WARNING * * *
Casting: Stone Arrow (safe; 1% risk of failure)
Confirm with . or Enter, or press ? or * to list all spells.
Aiming: Stone Arrow (safe; 1% risk of failure)
Press: ? - help, Shift-Dir - straight line, f/p - komodo dragon
Aim: a komodo dragon (84% to hit)
The stone arrow hits the komodo dragon.
The komodo dragon is lightly wounded.
The komodo dragon bites you.
* * * LOW HITPOINT WARNING * * *
Casting: Stone Arrow (safe; 1% risk of failure)
Confirm with . or Enter, or press ? or * to list all spells.
Aiming: Stone Arrow (safe; 1% risk of failure)
Press: ? - help, Shift-Dir - straight line, f/p - komodo dragon
Aim: a komodo dragon (lightly wounded, 84% to hit)
The stone arrow hits the komodo dragon!!
The komodo dragon is almost dead.
The komodo dragon bites you!!
You die...

##.#........#....#
.....P#
#.##......#....##
.+....##
#.........##....#
.#.....##
##.##......##.... . .
#...#########...# .#
#..#.####.##....###.#.
.
#...............#....#
...#
#.............l.......
....
##............@†......
....
#.............:......
....
#....................
....
##...............P##..
....
#...............### .
....
##..#####.##......#
.... #...#
#.##........ .... ##..
..#......#... .... ..
...##.........


You could see a komodo dragon.

Vanquished Creatures
  A catoblepas (Lair:3)
  3 hydras (Lair:2)
  Amaemon (D:8)
  A deep elf pyromancer (D:9)
  A black mamba (Lair:1)
  An orange demon (D:8)
  7 cane toads
  6 komodo dragons
  A rime drake (Lair:1)
  A tyrant leech (Lair:2)
  3 blink frogs (Lair:2)
  4 wyverns
  7 yaks
  A steam dragon (D:8)
  4 basilisks
  Menkaure (D:5)
  3 swamp worms (Lair:2)
  7 water moccasins
  An orc warrior (D:9)
  4 ice beasts
  A swamp drake (D:8)
  3 black bears
  12 wolves
  A centaur (D:7)
  3 kobold brigands
  6 bullfrogs
  2 gnoll sergeants
  2 necrophages (D:5)
  3 scorpions
  13 wights
  7 howler monkeys
  2 jellies
  3 hounds
  2 gnoll shamans (D:7)
  4 orc priests
  9 iguanas
  4 orc wizards
  18 gnolls
  3 adders
  A shadow imp (D:6)
  A white imp (D:5)
  2 worms
  A dart slug (D:1)
  28 orcs
  8 ball pythons
  5 endoplasms
  2 giant cockroaches (D:1)
  5 goblins
  5 hobgoblins
  4 jackals (D:4)
  19 kobolds
  3 quokkas
  6 bats
  A frilled lizard (D:1)
  12 rats
259 creatures vanquished.

Vanquished Creatures (others)
  3 fungi
  4 plants
  2 withered plants (D:5)
9 creatures vanquished.

Grand Total: 268 creatures vanquished

Notes
Turn   | Place    | Note
-------+----------+-------------------------------------------
     0 | D:1      | Crownlay the Gargoyle Earth Elementalist began the quest
                  | for the Orb.
     0 | D:1      | Reached XP level 1. HP: 10/10 MP: 3/3
   314 | D:1      | Reached XP level 2. HP: 15/15 MP: 5/5
   897 | D:1      | Reached XP level 3. HP: 13/19 MP: 7/7
   901 | D:1      | Learned a level 3 spell: Stone Arrow
  1082 | D:1      | Reached skill level 3 in Spellcasting
  1872 | D:2      | Reached XP level 4. HP: 22/24 MP: 9/9
  2646 | D:3      | Identified the +10 hunting sling of Flawed Execution
                  | {venom, +Blink MP+9 Int+5}
  3182 | D:3      | Found a faded altar of an unknown god.
  3451 | D:4      | Noticed a black bear
  3453 | D:4      | Reached skill level 4 in Spellcasting
  3453 | D:4      | Reached XP level 5. HP: 21/28 MP: 11/11
  3456 | D:4      | Killed a black bear
  3457 | D:4      | Reached skill level 5 in Earth Magic
  3457 | D:4      | Reached XP level 6. HP: 24/32 MP: 13/13
  3605 | D:4      | Reached skill level 1 in Slings
  3605 | D:4      | Reached skill level 5 in Spellcasting
  3932 | D:4      | Reached XP level 7. HP: 36/36 MP: 14/14
  4166 | D:5      | Entered Level 5 of the Dungeon
  4458 | D:5      | Reached skill level 6 in Spellcasting
  4471 | D:5      | Reached XP level 8. HP: 28/41 MP: 10/17
  4913 | D:5      | Noticed Menkaure
  4916 | D:5      | Killed Menkaure
  5098 | D:5      | Found a runed translucent door.
  5098 | D:5      | Noticed jmlagarto's ghost (novice GnCA)
  5377 | D:6      | Identified the +0 robe of Tuczem {Rampage rN+}
  5643 | D:6      | Reached skill level 7 in Spellcasting
  5651 | D:6      | Reached skill level 5 in Slings
  5652 | D:6      | Found an iron altar of Okawaru.
  5756 | D:6      | Reached XP level 9. HP: 45/45 MP: 20/20
  6145 | D:7      | Reached skill level 8 in Spellcasting
  6728 | D:7      | Found a bloodstained altar of Trog.
  7437 | D:7      | Reached skill level 9 in Spellcasting
  7666 | D:7      | Found a staircase to the Ecumenical Temple.
  7672 | Temple   | Entered the Ecumenical Temple
  7774 | Temple   | Became a worshipper of Vehumet
  8233 | D:8      | Noticed an orange demon
  8233 | D:8      | Noticed Amaemon
  8257 | D:8      | Killed an orange demon
  8258 | D:8      | Reached XP level 10. HP: 43/50 MP: 22/23
  8437 | D:8      | Reached skill level 10 in Spellcasting
  8602 | D:8      | Killed Amaemon
  9005 | D:8      | Reached skill level 10 in Earth Magic
  9009 | D:8      | Learned a level 3 spell: Portal Projectile
  9363 | D:8      | Reached skill level 1 in Conjurations
  9414 | D:8      | Reached * piety under Vehumet
  9414 | D:8      | Offered knowledge of Foxfire by Vehumet.
  9557 | D:8      | Reached skill level 11 in Spellcasting
  9728 | D:8      | Found a staircase to the Lair.
 10037 | D:9      | Noticed a deep elf pyromancer
 10051 | D:9      | Killed a deep elf pyromancer
 11426 | Lair:1   | Entered Level 1 of the Lair of Beasts
 11525 | Lair:1   | Noticed a cane toad
 11530 | Lair:1   | Killed a cane toad
 11531 | Lair:1   | Reached skill level 1 in Translocations
 11531 | Lair:1   | Reached XP level 11. HP: 54/54 MP: 26/26
 11918 | Lair:1   | Reached skill level 12 in Spellcasting
 12013 | Lair:1   | Reached skill level 5 in Conjurations
 12956 | Lair:2   | Offered knowledge of Static Discharge by Vehumet.
 12961 | Lair:2   | Learned a level 3 spell: Mephitic Cloud
 13090 | Lair:2   | Reached ** piety under Vehumet
 13127 | Lair:2   | Reached skill level 13 in Spellcasting
 13762 | Lair:2   | Noticed a four-headed hydra
 13767 | Lair:2   | HP: 2/54 [four-headed hydra (13)]
 14277 | Lair:2   | Reached XP level 12. HP: 59/59 MP: 29/29
 14347 | Lair:2   | Noticed a four-headed hydra
 14355 | Lair:2   | Killed a four-headed hydra
 14988 | Lair:2   | Killed a four-headed hydra
 14989 | Lair:2   | Reached skill level 14 in Spellcasting
 15158 | Lair:2   | Noticed a six-headed hydra
 15182 | Lair:2   | Killed a six-headed hydra
 15248 | Lair:2   | Found a staircase to the Swamp.
 15396 | Lair:3   | Noticed a seven-headed hydra
 15397 | Lair:3   | Noticed a catoblepas
 15572 | Lair:3   | Killed a catoblepas
 15575 | Lair:3   | Mangled by a komodo dragon

Illustrated notes

Levels and vault maps discovered:
D:1:      mrwooster_arrival_statue_3, layout_loops_ring, hex_tiny,
          hangedman_decor_growths, hex_large, kennysheep_small_spiral,
          minmay_rat_gold_closets
D:2:      layout_loops_ring, kennysheep_generic_room_6
D:3:      layout_loops_corners, shapermc_ecumenical_altar_acropolis
D:4:      layout_cave_pools, item_on_display_a
D:5:      layout_gridville, gammafunk_ghost_grave, minivault_27,
          chequers_serial_rivers_micro_e, uniq_menkaure
D:6:      layout_basic, okawaru_metal_pillars_3
D:7:      layout_gridville, old_standard_altar, minmay_temple_entry_fiery
D:8:      layout_layer_cave, erik_lair_dragon, uniq_amaemon
D:9:      layout_loops_ring
Temple:   regret_index_temple_sphere_string
Lair:1:   layout_cave_pods, serial_bayou_shore_b
Lair:2:   layout_regular_city, palyth_hydra_swamp_entry, serial_rivers,
          chequers_serial_rivers_micro_a, chequers_serial_rivers_room_a,
          chequers_serial_rivers_micro_c, chequers_serial_rivers_micro_d,
          grunt_megastairs_5
Lair:3:   dreamdust_isle_of_ice, layout_regular_city, grunt_megastairs_2

Skill      XL: |  1  2  3  4  5  6  7  8  9 10 11 12 |
---------------+-------------------------------------+-----
Earth Magic    | 4 5 6 7 9 10 | 10.0
Spellcasting   | 3 4 5 6 7 9 11 13 14 | 14.0
Slings         | 1 3 5 |  5.0
Conjurations   | 4 5 8 |  8.1
Translocations | 1 4 |  4.3
Dodging        | |  1.5
Stealth        | |  2.1
Transmutations | |  0.7

Action                   |  1- 3 |  4- 6 |  7- 9 | 10-12 || total
-------------------------+-------+-------+-------+-------++-------
Melee: Club              |    41 |       |       |       ||    41
       Dagger            |    78 |    10 |       |       ||    88
       Punch             |     1 |       |       |       ||     1
       Hunting sling     |       |     1 |       |       ||     1
 Fire: Hunting sling     |       |    64 |   157 |   165 ||   386
 Cast: Sandblast         |    13 |    11 |       |    63 ||    87
       Stone Arrow       |       |       |    59 |   109 ||   168
       Portal Projectile |       |       |       |    21 ||    21
  Use: Scroll            |       |       |     6 |     9 ||    15
 Stab: Sleeping          |     7 |     1 |       |       ||     8
Armor: Robe              |    53 |    20 |    24 |    56 ||   153
Dodge: Dodged            |    85 |    21 |    38 |    59 ||   203

Table legend: (Time is in decaauts)
 A = Elapsed time spent in this place.
 B = Non-inter-level travel time spent in this place.
 C = Inter-level travel time spent in this place.
 D = Time resting spent in this place.
 E = Time spent auto-exploring this place.
 F = Levels seen in this place.
 G = Mean time per level.
                   A        B        C        D        E       F      G
               +--------+--------+--------+--------+--------+-----+--------+
         Total |  15718 |  14803 |    915 |    271 |  12681 |  13 | 1209.1 |
       Dungeon |  11423 |  10613 |    810 |      0 |   9373 |   9 | 1269.2 |
        Temple |    115 |    102 |     13 |      0 |     86 |   1 |  115.0 |
          Lair |   4179 |   4088 |     91 |    271 |   3222 |   3 | 1393.0 |
               +--------+--------+--------+--------+--------+-----+--------+

Top non-repeatable levels by time:
     D:8: 2153 daAuts
  Lair:2: 2083 daAuts
  Lair:1: 1981 daAuts
     D:7: 1687 daAuts
     D:1: 1558 daAuts
     D:5: 1142 daAuts
     D:9: 1118 daAuts
     D:2: 1040 daAuts
     D:6: 968 daAuts
     D:3: 879 daAuts
     D:4: 874 daAuts
  Temple: 115 daAuts
  Lair:3: 114 daAuts
